 Dungeon Crawl Stone Soup version 0.31.0-11-ge490571c62 (webtiles) character file.

Game seed: 10009344469823391961

3 qw the Shooter (level 1, -1/12 HPs)
             Began as a Deep Elf Hunter on Feb 4, 2024.
             Slain by a jackal (2 damage)
             ... on level 1 of the Dungeon.
             The game lasted 00:00:00 (29 turns).

qw the Shooter (Deep Elf Hunter)                      Turns: 29, Time: 00:00:00

Health: -1/12      AC:  3    Str:  8    XL:     1   Next: 41%
Magic:  3/3        EV: 12    Int: 13    God:
Gold:   0          SH:  0    Dex: 18    Spells: 0/0 levels left

rFire   . . .        a - +0 shortbow
rCold   . . .        (shield currently unavailable)
rNeg    . . .        c - +0 leather armour
rPois   .            (no helmet)
rElec   .            (no cloak)
rCorr   .            (no gloves)
SInv    .            (no boots)
Will    .....        (no amulet)
Stlth   ++           (no ring)
HPRegen 0.22/turn    (no ring)
MPRegen 0.08/turn

%: no passive effects
@: no status effects
A: no striking features
a: no special abilities


You were on level 1 of the Dungeon.
You visited 1 branch of the dungeon, and saw 1 of its levels.


   Skills:
 - Level 1.5 Fighting
 + Level 5.5 Ranged Weapons
 - Level 2.4 Dodging
 - Level 1.2 Stealth


You couldn't memorise any spells.
You didn't know any spells.
Your spell library was empty.

Inventory:

Hand Weapons
 a - a +0 shortbow (weapon)
Armour
 c - a +0 leather armour (worn)
Scrolls
 b - a scroll of butterflies

Dungeon Overview and Level Annotations

Branches:
Dungeon (1/15)

Altars:


Message History

You shoot an arrow. The arrow closely misses the jackal.
The jackal bites you but does no damage.
You shoot an arrow.
The arrow hits the jackal but does no damage.
You hear a bark!
The jackal misses you.
A jackal comes into view.
The bat closely misses you. The jackal bites you.
The jackal moves out of view.
You hear a loud squeak.
You shoot an arrow. The arrow barely misses the bat.
The bat closely misses you.
The jackal bites you but does no damage.
The jackal bites you.
You shoot an arrow. The arrow hits the jackal.
The jackal is lightly wounded.
You hear a bark!
The bat hits you but does no damage.
A jackal comes into view.
The jackal barely misses you. The jackal bites you.
You shoot an arrow. The arrow closely misses the jackal.
The bat closely misses you. The jackal barely misses you. x2
The jackal bites you.
You shoot an arrow. The arrow hits the jackal!
You kill the jackal!
The jackal closely misses you. The bat hits you but does no damage.
A giant cockroach comes into view.
The jackal bites you but does no damage.
You shoot an arrow. The arrow hits the bat.
The bat is heavily wounded.
You hear a loud squeak.
The bat hits you but does no damage.
The jackal bites you but does no damage.
The jackal barely misses you. The jackal bites you.
You hear a shout!
You hear an angry hiss.
You shoot an arrow. The arrow closely misses the jackal.
The bat closely misses you. The jackal closely misses you.
The jackal bites you but does no damage.
A rat comes into view.
The jackal bites you. x2
You die...

...%... .......
......r .$.....
.#.#...
.......########
?...[.hh......##.
#....b@....B....
....##...........
##########.....#.
#~~~#~#~.'..####
#~##~#~###..#
#~~#~#~# #..#
+~<#~#~~ #..#
#~~~~###.#..#
#~##~# .#..#


You could see 2 jackals, a giant cockroach, a bat and a rat (wandering).

Vanquished Creatures
  2 jackals (D:1)
  A frilled lizard (D:1)
3 creatures vanquished.

Notes
Turn   | Place    | Note
-------+----------+-------------------------------------------
     0 | D:1      | qw the Deep Elf Hunter began the quest for the Orb.
     0 | D:1      | Reached XP level 1. HP: 12/12 MP: 3/3
     0 | D:1      | 0 ||| qw: Version: 0.3-a-160-g6735b56
     0 | D:1      | 0 ||| qw: Game counter: 5271
     0 | D:1      | 0 ||| qw: Melee chars always use a shield: true
     0 | D:1      | 0 ||| qw: God list: Okawaru
     0 | D:1      | 0 ||| qw: Allow faded altars: false
     0 | D:1      | 0 ||| qw: Do Orc after clearing Dungeon:15 true
     0 | D:1      | 0 ||| qw: Do second Lair branch before Depths: true
     0 | D:1      | 0 ||| qw: Lair rune preference: random
     0 | D:1      | 0 ||| qw: Goals: Normal
     0 | D:1      | 0 ||| PLANNING D:1-11
    26 | D:1      | HP: 3/12 [jackal (3)]
    29 | D:1      | HP: 1/12 [jackal (2)]
    29 | D:1      | Slain by a jackal

Levels and vault maps discovered:
D:1:      ncdulo_wetmaze, layout_rooms

Action                     || total
---------------------------++-------
   Fire: Shortbow          ||    12
 Armour: Leather armour    ||    17
  Dodge: Dodged            ||    13

Table legend:
 A = Non-vault XP
 B = Vault XP
 C = Vault XP percentage of total XP
 D = Non-vault monster count
 E = Vault monster count
 F = Vault count percentage of total count
                 A         B        C        D         E       F
            +---------+---------+-------+---------+---------+-------
      Total |       5 |       0 |   0.0 |       3 |       0 |   0.0
            +---------+---------+-------+---------+---------+-------
        D:1 |       5 |       0 |   0.0 |       3 |       0 |   0.0
            +---------+---------+-------+---------+---------+-------
